 Dungeon Crawl Stone Soup version 0.30-b1-2-g02819fbbbe (webtiles) character file.

Game seed: 8918562279735304375

86 Mesmaeker13 the Gusty (level 4, -8/33 HPs)
             Began as a Demigod Air Elementalist on July 14, 2023.
             Killed from afar by Sigmund (10 damage)
             ... with a bolt of dispelling energy
             ... on level 3 of the Dungeon.
             The game lasted 00:04:16 (2462 turns).

Mesmaeker13 the Gusty (Demigod Air Elementalist)    Turns: 2462, Time: 00:04:17

Health: -8/33      AC:  6    Str:  8    XL:     4   Next: 5%
Magic:  10/10      EV: 12    Int: 20    God:
Gold:   113        SH:  0    Dex: 18    Spells: 5/8 levels left

rFire   . . .        d - +0 dagger
rCold   . . .        (no shield)
rNeg    + . .        a - +0 robe
rPois   .            p - +2 helmet
rElec   .            e - +0 cloak
rCorr   .            (no gloves)
SInv    +            (no boots)
Will    .....        (no amulet)
Stlth   ++           q - ring of positive energy
HPRegen 0.25/turn    (no ring)
MPRegen 0.12/turn

%: no passive effects
@: no status effects
A: high MP 1, forlorn, divine attributes, see invisible, agile 1, screaming 1
a: no special abilities


You were on level 3 of the Dungeon.
You visited 1 branch of the dungeon, and saw 3 of its levels.

You collected 113 gold pieces.

Inventory:

Hand Weapons
 d - a +0 dagger (weapon)
Armour
 a - a +0 robe (worn)
 e - a +0 cloak (worn)
 p - a +2 helmet (worn)
Jewellery
 q - a ring of positive energy (left hand)
Scrolls
 c - a scroll of torment {unknown}
 f - a scroll of poison {unknown}
 i - 2 scrolls of identify {unknown}
 j - 2 scrolls of enchant weapon {unknown}
 k - a scroll of fog {unknown}
 m - a scroll of blinking {unknown}
 n - a scroll of brand weapon {unknown}
 o - a scroll of acquirement {unknown}
 r - a scroll of noise {unknown}
Potions
 b - a potion of magic
 g - 2 potions of lignification {unknown}
 h - a potion of attraction {unknown}


   Skills:
 - Level 1.7 Dodging
 - Level 1.7 Stealth
 + Level 2.6 Spellcasting
 + Level 2.2 Conjurations
 + Level 3.4 Air Magic


You had 5 spell levels left.
You knew the following spells:

 Your Spells              Type           Power      Damage    Failure   Level
a - Shock                 Conj/Air       56%        1d6       4%          1
b - Static Discharge      Conj/Air       28%        2-4/arc   7%          2

Your spell library contained the following spells:

 Spells                   Type           Power      Damage    Failure   Level
 Swiftness                Air            16%        N/A       11%         3
 Airstrike                Air            8%         2d(2-18)  34%         4
 Anguish                  Hex/Necr       1%         N/A       83%         4
 Cause Fear               Hex            1%         N/A       83%         4
 Enfeeble                 Hex            1%         N/A       100%        7


Dungeon Overview and Level Annotations

Branches:
Dungeon (3/15)

Annotations:
D:2 5 exclusions
D:3 1 exclusion, Sigmund


Innate Abilities, Weirdness & Mutations

You have an increased reservoir of magic. (+10% MP)
You shall have no god before yourself.
Your divine heritage dramatically boosts your attributes as you level up.
You have supernaturally acute eyesight. (SInv)
You are agile. (Dex +4, Str/Int -1)
You occasionally shout uncontrollably at your foes.


Message History

Confirm with . or Enter, or press ? or * to list all spells.
Aiming: Shock (safe; 4% risk of failure)
Press: ? - help, Shift-Dir - straight line, f/p - ball python
Aim: a ball python (moderately wounded, 64% to hit)
The zap misses the ball python.
Casting: Shock (safe; 4% risk of failure)
Confirm with . or Enter, or press ? or * to list all spells.
Aiming: Shock (safe; 4% risk of failure)
Press: ? - help, Shift-Dir - straight line, f/p - ball python
Aim: a ball python (moderately wounded, 64% to hit)
The zap misses the ball python.
Casting: Shock (safe; 4% risk of failure)
Confirm with . or Enter, or press ? or * to list all spells.
Aiming: Shock (safe; 4% risk of failure)
Press: ? - help, Shift-Dir - straight line, f/p - ball python
Aim: a ball python (moderately wounded, 64% to hit)
The zap misses the ball python.
Casting: Shock (safe; 4% risk of failure)
Confirm with . or Enter, or press ? or * to list all spells.
Aiming: Shock (safe; 4% risk of failure)
Press: ? - help, Shift-Dir - straight line, f/p - ball python
Aim: a ball python (moderately wounded, 64% to hit)
The zap hits the ball python.
You kill the ball python!
Sigmund the Dreaded comes into view.
He is wielding a +0 vampiric scythe and carrying a wand of quicksilver (5).
Sigmund is nearby!
Press: ? - help, v - describe, . - travel The floor.
Placed new exclusion.
Reduced exclusion size to a single square.
Sigmund shouts!
Sigmund barely misses you.
Sigmund zaps a wand.
The bolt of dispelling energy hits you.
Sigmund zaps a wand.
The bolt of dispelling energy hits you!
Sigmund zaps a wand.
The bolt of dispelling energy hits you!
* * * LOW HITPOINT WARNING * * *
Sigmund points at you and mumbles some strange words.
You resist with some effort.
Sigmund zaps a wand.
The bolt of dispelling energy hits you!
You die...

..######.....#..............###.#
.....@................#..#####..#
...######@.###.........#.# #....#
....######..##.#.#..#..#.# #.....
..#............#.#.....#.###.....
..#########.......#..............
.. ###.....#...#.....###.. [.
#...............# ##. ..
#...@...#.#.....# #. ##
#......##.......# ##
####.#..##......# #
##.#.....)##### #....#.#.<###
#....#......# #....#......#
##.###......# #.# ###...##


You could see Sigmund.

Vanquished Creatures
  Terence (D:3)
  A worm (D:3)
  5 ball pythons
  12 bats
  2 endoplasms
  A giant cockroach (D:1)
  7 goblins
  6 hobgoblins
  3 jackals (D:2)
  3 quokkas
  3 frilled lizards
  4 kobolds
  A rat (D:1)
49 creatures vanquished.

Notes
Turn   | Place    | Note
-------+----------+-------------------------------------------
     0 | D:1      | Mesmaeker13 the Demigod Air Elementalist began the quest
                  | for the Orb.
     0 | D:1      | Reached XP level 1. HP: 14/14 MP: 5/5
    71 | D:1      | Reached skill level 1 in Conjurations
   411 | D:1      | Reached XP level 2. HP: 20/20 MP: 5/7
   598 | D:1      | Reached skill level 3 in Air Magic
  1089 | D:2      | Learned a level 2 spell: Static Discharge
  1138 | D:2      | Noticed an ogre
  1437 | D:2      | Reached XP level 3. HP: 26/26 MP: 6/9
  1794 | D:3      | Noticed Terence
  2007 | D:3      | Gained mutation: You are clumsy. (Dex -2) [potion of
                  | mutation]
  2007 | D:3      | Gained mutation: You passively dampen the noise of your
                  | surroundings. [potion of mutation]
  2007 | D:3      | Gained mutation: You have a pair of small horns on your
                  | head. [potion of mutation]
  2018 | D:3      | Killed Terence
  2021 | D:3      | Lost mutation: You have a pair of small horns on your head.
                  | [potion of mutation]
  2021 | D:3      | Lost mutation: You passively dampen the noise of your
                  | surroundings. [potion of mutation]
  2021 | D:3      | Lost mutation: You are clumsy. (Dex -2) [potion of
                  | mutation]
  2021 | D:3      | Gained mutation: You are vulnerable to cold. (rC-) [potion
                  | of mutation]
  2021 | D:3      | Gained mutation: You are clumsy. (Dex -2) [potion of
                  | mutation]
  2021 | D:3      | Gained mutation: You occasionally shout uncontrollably at
                  | your foes. [potion of mutation]
  2157 | D:3      | Lost mutation: You are vulnerable to cold. (rC-) [potion of
                  | mutation]
  2157 | D:3      | Lost mutation: You are clumsy. (Dex -2) [potion of
                  | mutation]
  2157 | D:3      | Gained mutation: You have supernaturally acute eyesight.
                  | (SInv) [potion of mutation]
  2157 | D:3      | Gained mutation: You are agile. (Dex +4, Str/Int -1)
                  | [potion of mutation]
  2186 | D:3      | Reached XP level 4. HP: 33/33 MP: 6/10
  2342 | D:3      | Noticed a shadow
  2434 | D:3      | Noticed Sigmund
  2458 | D:3      | HP: 1/33 [Sigmund/bolt of dispelling energy (14)]
  2462 | D:3      | Killed from afar by Sigmund

Illustrated notes

Levels and vault maps discovered:
D:1:      minmay_arrival_shoal_huts, layout_loops_ring,
          shapermc_ecumenical_altar_starsandcircs
D:2:      layout_rooms
D:3:      layout_rooms, riverfiend_overflow_shadow_ancestor, roderic_batcave,
          uniq_sigmund, uniq_terence

Skill      XL: |  1  2  3 |
---------------+----------+-----
Conjurations   | 1 2 |  2.2
Spellcasting   | 2 |  2.6
Air Magic      | 3 |  3.4
Dodging        | |  1.7
Stealth        | |  1.7

Action                     |  1- 3 |  4- 6 || total
---------------------------+-------+-------++-------
  Melee: Dagger            |    11 |       ||    11
   Cast: Shock             |   107 |    10 ||   117
    Use: Potion            |     3 |       ||     3
 Armour: Robe              |     7 |       ||     7
  Dodge: Dodged            |    28 |     9 ||    37
